 Dungeon Crawl Stone Soup version 0.27-a0-1136-g0b992a5a9d (webtiles) character file.

Game seed: 9819260497943473669

9889 funkygono the Destroyer (level 11, -15/57 HPs)
             Began as a Gargoyle Fire Elementalist on May 5, 2021.
             Was a Priest of Vehumet.
             Blown up by a great orb of eyes (20 damage)
             ... with a mindburst bolt
             ... on level 2 of the Abyss.
             The game lasted 00:35:25 (13577 turns).

funkygono the Destroyer (GrFE)                     Turns: 13577, Time: 00:35:26

Health: -15/57     AC: 21    Str: 11    XL:     11   Next: 53%
Magic:  20/24      EV: 16    Int: 20    God:    Vehumet [***...]
Gold:   685        SH:  0    Dex: 10    Spells: 11/28 levels left

rFire    . . .     SeeInvis .   i - +8 flail
rCold    . . .     Faith    .   (no shield)
rNeg     + . .     Spirit   .   h - +2 troll leather armour {Purgy}
rPois    ∞         Reflect  .   n - +1 helmet
rElec    +         Harm     .   (no cloak)
rCorr    .         Rampage  .   q - +1 pair of gloves
Will     +....                  D - +2 pair of boots {Stlth+}
Stlth    +++.......             (no amulet)
HPRegen  1.19/turn              f - ring of willpower
MPRegen  0.19/turn              K - +4 ring of evasion

@: no status effects
A: sickness immunity, AC +8, negative energy resistance 1, electricity
resistance, torment resistance 1, unbreathing 1, petrification resistance,
[deterioration 2]
a: Renounce Religion


You were on level 2 of the Abyss.
You worshipped Vehumet.
Vehumet was most pleased with you.
You visited 2 branches of the dungeon, and saw 11 of its levels.
You visited the Abyss 1 time.
You also visited: Sewer.

You collected 685 gold pieces.

Inventory:

Hand Weapons
 c - a +2 dagger of venom
 i - a +8 flail (weapon)
 r - a +0 whip
 u - a +0 mace of protection
 A - the +5 whip of Defiance {antimagic, rElec rC+}
   (You found it on level 6 of the Dungeon)

   It reduces the magical energy of the wielder, and disrupts the spells and
   magical abilities of those hit.
   Natural abilities and divine invocations are not affected.
   It protects you from cold.
   It insulates you from electricity.
 H - a +0 vorpal morningstar
Missiles
 b - 317 stones
 l - 6 atropa-tipped darts
Armour
 a - a +0 robe
 e - a +0 scale mail
 h - a +2 troll leather armour (worn) {Purgy}
 n - a +1 helmet (worn)
 q - a +1 pair of gloves (worn)
 t - a +0 kite shield
 D - a +2 pair of boots of stealth (worn)
Magical Staves
 y - a staff of fire
 J - a staff of poison
Jewellery
 f - a ring of willpower (left hand)
 K - a +4 ring of evasion (right hand)
Wands
 d - a wand of flame (57)
 x - a wand of digging (2)
 C - a wand of acid (14)
 E - a wand of paralysis (12)
 F - a wand of polymorph (12)
 I - a wand of iceblast (10)
 L - a wand of mindburst (5)
Scrolls
 z - 3 scrolls of blinking
 B - 2 scrolls of magic mapping
 G - 2 scrolls of identify
 N - a scroll of summoning {unknown}
Potions
 g - 4 potions of curing
 j - a potion of brilliance
 k - 3 potions of might
 m - a potion of berserk rage {unknown}
 p - 2 potions of lignification
 s - 2 potions of haste
 v - 2 potions of flight {unknown}
 w - a potion of mutation {unknown}


   Skills:
 + Level 2.2 Fighting
 + Level 1.2 Short Blades
 + Level 4.2 Maces & Flails
 + Level 3.1 Armour
 + Level 3.4 Dodging
 - Level 2.1 Stealth
 + Level 9.1 Spellcasting
 + Level 9.4 Conjurations
 + Level 8.6 Fire Magic
 * Level 4.1 Ice Magic
 * Level 4.6 Earth Magic


You had 11 spell levels left.
You knew the following spells:

 Your Spells              Type           Power      Damage    Failure   Level
a - Foxfire               Conj/Fire      100%       2x1d9     1%          1
b - Conjure Flame         Conj/Fire      45%        6-21      1%          3
c - Sticky Flame          Conj/Fire      45%        2d6       1%          4
d - Fireball              Conj/Fire      22%        3d10      1%          5
e - Freeze                Ice            100%       1d11      1%          1
f - Stone Arrow           Conj/Erth      74%        3d11      1%          3

Your spell library contained the following spells:

 Spells                   Type           Power      Damage    Failure   Level
 Static Discharge         Conj/Air       28%        N/A       1%          2
 Sandblast                Erth           54%        2d13      1%          1
 Inner Flame              Hex/Fire       26%        N/A       1%          3
 Passwall                 Tmut/Erth      15%        N/A       5%          2
 Lee's Rapid Deconstruct  Erth           13%        3d10*     11%         5
 Confusing Touch          Hex            9%         N/A       28%         3
 Gell's Gravitas          Tloc           4%         N/A       28%         3
 Petrify                  Tmut/Erth      18%        N/A       36%         4
 Yara's Violent Unravell  Hex/Tmut       4%         3d4       54%         5
 Metabolic Englaciation   Hex/Ice        8%         N/A       75%         5


Dungeon Overview and Level Annotations

Branches:
Dungeon (10/15)            Temple (1/1) D:4           Sewer (visited)
   Lair: D:8-11         Orc: D:9-12

Altars:
Ashenzari
Cheibriados
Dithmenos
Elyvilon
Fedhas
Gozag
Hepliaklqana
Kikubaaqudgha
Makhleb
Nemelex Xobeh
Okawaru
Qazlal
Ru
Sif Muna
Trog
Uskayaw
Vehumet
Wu Jian
Xom
Yredelemnul
Zin
The Shining One

Shops:
D:3 [   D:4 [([(

Annotations:
D:8 3 runed translucent doors, Cralpanu's ghost, novice DrBe


Innate Abilities, Weirdness & Mutations

You are immune to sickness and miasma.
Your stone body is resilient. (AC +8)
You are immune to poison.
You resist negative energy. (rN+)
You are resistant to electric shocks. (rElec)
You are resistant to unholy torment.
You can survive without breathing.
You are immune to petrification.
[Your body often deteriorates upon taking damage.]


Message History

You easily resist.
You feel less confused.
A wretched star comes into view.
The ice beast closely misses you.
The great orb of eyes pulsates ominously.
The ice beast barely misses you.
The wretched star pulses with an eldritch light!
You feel yourself wasting away.
You feel your body start to fall apart.
You barely miss the wretched star. The ice beast misses you.
You sock the wretched star!
The wretched star is lightly damaged.
The wretched star glows turbulently.
The lance of force hits you.
You are knocked back by the lance of force.
You collide with the great orb of eyes!
Casting: Sticky Flame (dangerous; 1% risk of failure)
Confirm with . or Enter, or press ? or * to list all spells.
Aiming: Sticky Flame (dangerous; 1% risk of failure)
Press: ? - help, Shift-Dir - straight line, f - great orb of eyes
Aim: a great orb of eyes (moderately wounded, 100% to hit)
The sticky flame hits the great orb of eyes but does no damage.
The great orb of eyes is moderately wounded.
The great orb of eyes is covered in liquid flames!
The great orb of eyes burns!
The wretched star glows turbulently.
The lance of force hits you!!
* * * LOW HITPOINT WARNING * * *
You are knocked back by the lance of force.
You collide with the great orb of eyes!
The great orb of eyes bites you but does no damage.
You sock the wretched star!
The wretched star is moderately damaged.
The great orb of eyes burns!
The great orb of eyes bites you.
* * * LOW HITPOINT WARNING * * *
You barely miss the wretched star.
The wretched star is moderately damaged.
The great orb of eyes burns! x2; The great orb of eyes stops burning.
The great orb of eyes gazes at you.
Your mind is blasted!
You die...

## .# . . .# # .#
. ## . . . ... §.
# #. .##### # #..
. (.... # #
.###########.# #
..#......YG@*.# #
.###.###.###.#. .
##.#...#.........
# #
.....#...#.#.....
#. # #.#....#.#
..#. # . ##...##
##. # #..
.###..#.#..##.
#.# .#....
#...#.. .# .##.
.## .#..# §#


You could see a wretched star, a great orb of eyes and an ice beast.

Vanquished Creatures
  A centaur warrior (D:8)
  2 two-headed ogres
  Grinder (D:4)
  A wraith (D:9)
  A human (D:5)
  A wyvern (D:9)
  16 yaks
  A chaos spawn (Abyss:2)
  2 water moccasins
  Duvessa (D:7)
  Purgy (Sewer)
  A sky beast (D:8)
  An ice beast (D:5)
  2 black bears
  5 orc warriors
  5 ogres
  A necrophage (D:5)
  5 centaurs
  A kobold brigand (D:7)
  2 bullfrogs (D:8)
  A gnoll sergeant (D:7)
  4 scorpions
  Dowan (D:7)
  A water moccasin skeleton (D:5)
  4 killer bees
  7 wights
  5 howler monkeys
  A crimson imp (D:5)
  4 centaur zombies
  A bullfrog zombie (D:6)
  4 hounds
  A bullfrog skeleton (D:7)
  3 jellies
  A human zombie (D:5)
  5 orc priests
  2 centaur skeletons (D:7)
  Jessica (D:2)
  4 iguanas
  Natasha (thrice) (D:2)
  11 orc wizards
  Terence (D:2)
  A killer bee zombie (D:5)
  2 howler monkey zombies
  Robin (D:4)
  6 adders
  16 gnolls
  3 white imps
  An ufetubus (D:4)
  2 worms
  7 dart slugs
  34 orcs
  8 bats
  5 endoplasms
  6 giant cockroaches
  24 goblins
  25 hobgoblins
  14 jackals
  4 quokkas
  6 ball pythons
  A frilled lizard (D:3)
  24 kobolds
  A kobold zombie (D:5)
  4 rats
  A bush (D:7)
312 creatures vanquished.

Vanquished Creatures (collateral kills)
  24 foxfires
24 creatures vanquished.

Vanquished Creatures (others)
  1243 foxfires
  11 plants
1254 creatures vanquished.

Grand Total: 1590 creatures vanquished

Notes
Turn   | Place    | Note
-------+----------+-------------------------------------------
     0 | D:1      | funkygono the Gargoyle Fire Elementalist began the quest
                  | for the Orb.
     0 | D:1      | Reached XP level 1. HP: 10/10 MP: 3/3
   190 | D:1      | Reached XP level 2. HP: 15/15 MP: 1/5
   428 | D:1      | Reached XP level 3. HP: 13/19 MP: 0/6
  1499 | D:2      | Noticed Terence
  1517 | D:2      | Killed Terence
  1518 | D:2      | Reached XP level 4. HP: 2/24 MP: 0/7
  1585 | D:2      | Learned a level 3 spell: Conjure Flame
  1590 | D:2      | Learned a level 4 spell: Sticky Flame
  1893 | D:2      | Noticed Jessica
  1909 | D:2      | Killed Jessica
  2268 | D:2      | Reached XP level 5. HP: 28/28 MP: 5/9
  2302 | D:2      | Noticed Natasha
  2314 | D:2      | Killed Natasha
  2536 | D:2      | Noticed Natasha
  2573 | D:2      | Killed Natasha
  2890 | D:2      | Noticed Natasha
  2901 | D:2      | Killed Natasha
  3620 | D:3      | Reached XP level 6. HP: 32/32 MP: 2/11
  3910 | D:3      | Found Yllicuyt's Armour Boutique.
  4394 | D:4      | Found a glowing drain.
  4484 | Sewer    | Entered a sewer
  4569 | Sewer    | Noticed Purgy
  4587 | Sewer    | Killed Purgy
  4588 | Sewer    | Reached XP level 7. HP: 36/36 MP: 7/13
  4721 | D:4      | Noticed Grinder
  4736 | D:4      | Killed Grinder
  4737 | D:4      | Reached skill level 5 in Fire Magic
  4860 | D:4      | Reached skill level 5 in Spellcasting
  4860 | D:4      | Reached skill level 5 in Conjurations
  4981 | D:4      | Noticed Robin
  4990 | D:4      | Killed Robin
  5171 | D:4      | Reached skill level 1 in Short Blades
  5171 | D:4      | Reached XP level 8. HP: 41/41 MP: 0/15
  5350 | D:4      | Found Etufiek's Armour Shop.
  5391 | D:4      | Found Mioseiss's Weapon Shop.
  5392 | D:4      | Found Qoiff's Armour Shop.
  5392 | D:4      | Found Tuergh's Weapon Shop.
  5803 | D:4      | Found a staircase to the Ecumenical Temple.
  6609 | D:4      | Learned a level 5 spell: Fireball
  6656 | Temple   | Entered the Ecumenical Temple
  6793 | D:5      | Entered Level 5 of the Dungeon
  6793 | D:5      | Found a snail-covered altar of Cheibriados.
  6851 | D:5      | Found an ornate altar of the Wu Jian Council.
  7160 | D:5      | Found a burning altar of Makhleb.
  7160 | D:5      | Found a radiant altar of Vehumet.
  7213 | D:5      | Became a worshipper of Vehumet
  7238 | D:5      | Found a runed translucent door.
  7275 | D:5      | Found a basalt altar of Yredelemnul.
  7324 | D:5      | Found a hazy altar of Hepliaklqana.
  7325 | D:5      | Found a faded altar of an unknown god.
  7371 | D:5      | Reached skill level 1 in Maces & Flails
  7476 | D:5      | Reached skill level 1 in Armour
  7476 | D:5      | Reached XP level 9. HP: 43/45 MP: 11/18
  7942 | D:5      | Reached skill level 1 in Fighting
  8130 | D:6      | Reached * piety under Vehumet
  8130 | D:6      | Offered knowledge of Freeze by Vehumet.
  8278 | D:6      | Identified the +5 whip of Defiance {antimagic, rElec rC+}
  8412 | D:6      | Reached XP level 10. HP: 43/52 MP: 14/21
  8543 | D:6      | Found a glowing silver altar of Zin.
  8855 | D:6      | Learned a level 1 spell: Freeze
  9077 | D:7      | Noticed Duvessa
  9078 | D:7      | Noticed Dowan
  9089 | D:7      | Killed Duvessa
  9097 | D:7      | Killed Dowan
  9232 | D:7      | Found a hide-covered altar of Uskayaw.
  9233 | D:7      | Found a shadowy altar of Dithmenos.
  9330 | D:7      | Learned a level 3 spell: Stone Arrow
  9335 | D:7      | Found a white marble altar of Elyvilon.
  9617 | D:7      | Reached ** piety under Vehumet
  9623 | D:7      | Offered knowledge of Magic Dart by Vehumet.
  9624 | D:7      | Reached skill level 1 in Ice Magic
  9924 | D:7      | Identified a scroll of acquirement
  9924 | D:7      | Acquired a +0 pair of boots of stealth
 10074 | D:8      | Found a runed translucent gate.
 10075 | D:8      | Found a runed translucent gate.
 10075 | D:8      | Found a runed translucent gate.
 10075 | D:8      | Found an opulent altar of Gozag.
 10077 | D:8      | Noticed a deep elf pyromancer
 10077 | D:8      | Noticed Cralpanu's ghost (novice DrBe)
 10147 | D:8      | Found a shimmering altar of Xom.
 10147 | D:8      | Found a shimmering altar of Xom.
 10147 | D:8      | Found a shimmering altar of Xom.
 10149 | D:8      | Found a shimmering altar of Xom.
 10150 | D:8      | Found a shimmering altar of Xom.
 10150 | D:8      | Found a shimmering altar of Xom.
 10151 | D:8      | Found a shimmering altar of Xom.
 10223 | D:8      | Noticed a centaur warrior
 10230 | D:8      | Killed a centaur warrior
 10231 | D:8      | Reached skill level 1 in Earth Magic
 10665 | D:8      | Noticed a salamander
 10665 | D:8      | a meliai changed into a salamander
 10795 | D:8      | Noticed a two-headed ogre
 10807 | D:8      | Killed a two-headed ogre
 11296 | D:8      | Noticed a manticore
 11297 | D:8      | Noticed a stone giant
 11626 | D:9      | Reached XP level 11. HP: 57/57 MP: 12/23
 11626 | D:9      | Offered knowledge of Static Discharge by Vehumet.
 11996 | D:9      | Noticed a two-headed ogre
 12014 | D:9      | Killed a two-headed ogre
 12128 | D:9      | Reached *** piety under Vehumet
 12854 | D:10     | Entered Level 10 of the Dungeon
 13140 | D:10     | Noticed a wizard
 13145 | D:10     | Cast into level 2 of the Abyss (a wizard)
 13146 | Abyss:2  | Noticed a worldbinder
 13266 | Abyss:2  | Noticed a sixfirhy
 13267 | Abyss:2  | Noticed a sixfirhy
 13413 | Abyss:2  | Found a corrupted altar of Lugonu.
 13437 | Abyss:2  | Noticed a thrashing horror
 13438 | Abyss:2  | Noticed a starcursed mass
 13441 | Abyss:2  | Noticed a necromancer
 13442 | Abyss:2  | HP: 2/57 [burnt (4)]
 13447 | Abyss:2  | HP: 2/57 [smoke demon/ball of steam (16)]
 13458 | Abyss:2  | Noticed a starcursed mass
 13468 | Abyss:2  | Noticed a starcursed mass
 13506 | Abyss:2  | Noticed an Executioner
 13515 | Abyss:2  | Noticed a large abomination
 13523 | Abyss:2  | Noticed a wretched star
 13544 | Abyss:2  | Found a corrupted altar of Lugonu.
 13544 | Abyss:2  | Noticed a great orb of eyes
 13554 | Abyss:2  | Noticed a glowing orange brain
 13566 | Abyss:2  | Noticed a wretched star
 13577 | Abyss:2  | Blown up by a great orb of eyes

Illustrated notes

Levels and vault maps discovered:
D:1:      minmay_arrival_four_loops, layout_basic, st_stairs_5,
          serial_bayou_lagoon_b
D:2:      layout_basic, uniq_jessica, uniq_terence, uniq_natasha
D:3:      layout_basic, serial_shops, nicolae_shop_stone,
          minmay_misc_feat_more_columns, chequers_serial_rivers_micro_b
D:4:      corexii_shantytown, layout_basic, minmay_temple_entry_stoned_glass,
          gup_sewer_entry_glass, minmay_shop_grid_forest, uniq_grinder,
          uniq_robin
D:5:      kennysheep_windowed_halls, layout_cave_pools,
          grunt_temple_overflow_lords_of_destruction, old_standard_altar,
          beargit_hepliaklqana_dungeon_heroes, lemuel_crystal_altar,
          dk_yredelemnul_ordeal
D:6:      layout_rooms, zin_statuary
D:7:      layout_cave_pools, gammafunk_temple_overflow_pools, elyvilon_altar_5,
          minmay_misc_feat_plants, kb_lookout_dungeons_type,
          ebering_dispersal_statue_hall, uniq_duvessa
D:8:      layout_loops_corners, xom_shifter_show, special_room
          [special_room_orc], ebering_ghost_gozag
D:9:      layout_long_grid, small_chamber_with_monster, serial_park_tiny_2
D:10:     layout_rooms, special_room [special_room_orc]
Temple:   jpeg_temple_clearing
Abyss:2:  base: D:4, due_exit_kobolds, hangedman_abyss_or_decor_lesser_grid

Skill      XL: |  1  2  3  4  5  6  7  8  9 10 11 |
---------------+----------------------------------+-----
Conjurations   | 2 3 4 5 6 7 8 9 |  9.4
Fire Magic     | 4 5 6 7 8 |  8.6
Spellcasting   | 3 4 5 6 7 8 9 |  9.1
Dodging        | 2 3 |  3.4
Short Blades   | 1 |  1.2
Maces & Flails | 1 2 3 4 |  4.2
Armour         | 1 2 3 |  3.1
Fighting       | 1 2 |  2.2
Ice Magic      | 3 4 |  4.1
Earth Magic    | 3 4 |  4.6
Stealth        | |  2.1

Action                   |  1- 3 |  4- 6 |  7- 9 | 10-12 || total
-------------------------+-------+-------+-------+-------++-------
Melee: Dagger            |     7 |    25 |     8 |       ||    40
       Flail             |       |       |    46 |    84 ||   130
       Mace              |       |       |    41 |       ||    41
 Cast: Foxfire           |    66 |   135 |   295 |   253 ||   749
       Stone Arrow       |       |       |       |    32 ||    32
       Conjure Flame     |       |       |       |     7 ||     7
       Sticky Flame      |       |       |       |    10 ||    10
       Freeze            |       |       |       |     3 ||     3
       Fireball          |       |       |       |     2 ||     2
  Use: Scroll            |     1 |     3 |     4 |    17 ||    25
       Potion            |       |     2 |     1 |     4 ||     7
Armor: Robe              |     5 |    41 |       |       ||    46
       Troll leather arm |       |       |   116 |   155 ||   271
Dodge: Dodged            |    19 |    61 |   126 |   199 ||   405

Table legend: (Time is in decaauts)
 A = Elapsed time spent in this place.
 B = Non-inter-level travel time spent in this place.
 C = Inter-level travel time spent in this place.
 D = Time resting spent in this place.
 E = Time spent auto-exploring this place.
 F = Levels seen in this place.
 G = Mean time per level.
                   A        B        C        D        E       F      G
               +--------+--------+--------+--------+--------+-----+--------+
         Total |  13665 |  13367 |    298 |    566 |   9981 |  13 | 1051.2 |
       Dungeon |  12927 |  12640 |    287 |    559 |   9523 |  10 | 1292.7 |
        Temple |     96 |     85 |     11 |      0 |     82 |   1 |   96.0 |
         Abyss |    435 |    435 |      0 |      7 |    224 |   1 |  435.0 |
         Sewer |    204 |    204 |      0 |      0 |    152 |   1 |  204.0 |
               +--------+--------+--------+--------+--------+-----+--------+

Top non-repeatable levels by time:
     D:4: 2416 daAuts
     D:2: 1859 daAuts
     D:8: 1563 daAuts
     D:1: 1439 daAuts
     D:9: 1349 daAuts
     D:5: 1300 daAuts
     D:7: 965 daAuts
     D:6: 920 daAuts
     D:3: 819 daAuts
 Abyss:2: 435 daAuts
    D:10: 294 daAuts
   Sewer: 204 daAuts
  Temple: 96 daAuts
